 Dungeon Crawl Stone Soup version 0.28.0-53-g5a82cb258f (webtiles) character file.

Game seed: 6361028154426964563

4984 cbfl8 the Cleaver (level 10, -11/90 HPs)
             Began as a Minotaur Fighter on July 19, 2022.
             Was an Initiate of Ashenzari.
             Killed from afar by Maurice (21 damage)
             ... with a bolt of acid
             ... on level 9 of the Dungeon.
             The game lasted 00:20:21 (12973 turns).

cbfl8 the Cleaver (Minotaur Fighter)               Turns: 12973, Time: 00:20:22

Health: -11/90     AC: 11    Str: 26 (27) XL:     10   Next: 29%
Magic:  9/9        EV: 10    Int:  4 (5)  God:    Ashenzari [......]
Gold:   448        SH:  6    Dex: 19 (20) Spells: 9/9 levels left

rFire   . . .      SeeInvis .   r - +0 broad axe
rCold   . . .      Faith    .   c - +0 buckler
rNeg    . . .      Spirit   .   F - +0 plate armour
rPois   .          Reflect  .   t - +0 hat
rElec   .          Harm     .   g - scarf {repulsion}
rCorr   .          Rampage  .   i - +0 pair of gloves of Ashenzari's Sybil {Melee, Fort} (curse)
Will    .....      Rage     1%  (no boots)
Stlth   ..........              (no amulet)
HPRegen 0.25/turn               D - +6 ring of dexterity
MPRegen 0.11/turn               m - +6 ring of strength

@: mighty, corroded, repel missiles
A: horns 2, retaliatory headbutt, talons 1, berserk 1, sturdy frame 1
a: Renounce Religion, Shatter the Chains


You were on level 9 of the Dungeon.
You worshipped Ashenzari.
Ashenzari was noncommittal.
You visited 2 branches of the dungeon, and saw 10 of its levels.
You also visited: Sewer.

You collected 448 gold pieces.

Inventory:

Hand Weapons
 a - a +0 war axe
 r - a +0 broad axe (weapon)
Missiles
 k - 2 throwing nets (quivered)
Armour
 b - a +0 scale mail
 c - a +0 buckler (worn)
 g - a scarf of repulsion (worn)
 i - the cursed +0 pair of gloves of Ashenzari's Sybil (worn) {Melee, Fort}
   (You found it on level 1 of the Dungeon)

   It has a curse which improves the following skills: Melee Combat: Short
   Blades, Long Blades, Axes, Maces & Flails, Polearms, Staves and Unarmed
   Combat.
   Fortitude: Armour and Shields.
 q - a +0 cloak
 t - a +0 hat (worn)
 F - a +0 plate armour (worn)
 H - a +0 pair of boots
Jewellery
 e - a ring of fire
 m - a +6 ring of strength (right hand)
 D - a +6 ring of dexterity (left hand)
 J - a ring of poison resistance
Wands
 v - a wand of paralysis (9)
 K - a wand of polymorph (5)
Scrolls
 f - a scroll of brand weapon {unknown}
 h - 5 scrolls of teleportation
 j - a scroll of fear {unknown}
 l - 3 scrolls of amnesia {unknown}
 n - 6 scrolls of identify {unknown}
 p - 2 scrolls of magic mapping {unknown}
 s - a scroll of acquirement {unknown}
 w - a scroll of fog {unknown}
 x - a scroll of enchant weapon {unknown}
 y - 2 scrolls of silence {unknown}
 A - 2 scrolls of vulnerability {unknown}
 B - a scroll of immolation {unknown}
 I - 2 scrolls of holy word {unknown}
 M - a scroll of torment {unknown}
 O - a scroll of enchant armour {unknown}
 P - 3 scrolls of noise {unknown}
Potions
 d - a potion of might
 o - a potion of haste
 u - a potion of attraction
 z - a potion of resistance
 C - a potion of flight {unknown}
 E - 3 potions of mutation


   Skills:
 * Level 8.5 Fighting
 + Level 11.2(11.6) Axes
 + Level 9.5(9.9) Armour
 + Level 4.0 Dodging
 + Level 1.9 Stealth
 + Level 6.7(7.1) Shields
 * Level 2.5 Evocations


You had 9 spell levels left.
You didn't know any spells.
Your spell library contained the following spells:

 Spells                   Type           Power      Damage    Failure   Level
 Animate Skeleton         Necr           0%         N/A       99%         1
 Magic Dart               Conj           0%         1d3       99%         1
 Pain                     Necr           0%         1d4       99%         1
 Shock                    Conj/Air       0%         1d3       99%         1
 Call Imp                 Summ           0%         N/A       100%        2
 Corpse Rot               Necr/Air       0%         N/A       100%        2
 Confusing Touch          Hex            0%         N/A       100%        3
 Gell's Gravitas          Tloc           0%         N/A       100%        3
 Lesser Beckoning         Tloc           0%         N/A       100%        3
 Mephitic Cloud           Conj/Pois/Air  0%         N/A       100%        3
 Stone Arrow              Conj/Erth      0%         3d7       100%        3
 Swiftness                Air            0%         N/A       100%        3
 Teleport Other           Tloc           0%         N/A       100%        3
 Vampiric Draining        Necr           0%         2d6       100%        3
 Airstrike                Air            0%         N/A       100%        4
 Animate Armour           Summ/Erth      0%         N/A       100%        4
 Cause Fear               Hex            0%         N/A       100%        4
 Dispel Undead            Necr           0%         3d6       100%        4
 Yara's Violent Unravell  Hex/Tmut       0%         3d3       100%        5
 Conjure Ball Lightning   Conj/Air       0%         3x3d6     100%        6
 Death Channel            Necr           0%         N/A       100%        6
 Dispersal                Tloc           0%         N/A       100%        6
 Dragon Form              Tmut           0%         N/A       100%        7
 Enfeeble                 Hex            0%         N/A       100%        7
 Discord                  Hex            0%         N/A       100%        8
 Disjunction              Tloc           0%         N/A       100%        8
 Lehudib's Crystal Spear  Conj/Erth      0%         10d2      100%        8
 Dragon's Call            Summ           0%         N/A       100%        9


Dungeon Overview and Level Annotations

Branches:
Dungeon (9/15)             Temple (1/1) D:5            Lair (0/6) D:8
  Sewer (visited)
    Orc: D:9-12

Altars:
Ashenzari
Cheibriados
Dithmenos
Elyvilon
Fedhas
Gozag
Hepliaklqana
Makhleb
Nemelex Xobeh
Qazlal
Ru
Sif Muna
Vehumet
Xom
Yredelemnul
The Shining One

Shops:
D:7 =   D:9 *

Annotations:
D:9 Maurice


Innate Abilities, Weirdness & Mutations

You have a pair of horns on your head.
You reflexively headbutt those who attack you in melee.
You have sharp toenails.
You tend to lose your temper in combat.
Your movements are slightly less encumbered by armour. (ER -2)


Message History

You hear a zap.
A bolt of acid appears from out of thin air!
The bolt of acid hits you! The acid corrodes you! Something hits you.
Something steals your amethyst potion!
You hear some strange, mumbled words.
Okay, then.
Okay, then.
You feel very mighty all of a sudden.
You hear a zap.
A bolt of acid appears from out of thin air!
The bolt of acid is repelled.
You hit something. Your kick misses something.
You hear a zap.
A bolt of acid appears from out of thin air!
The bolt of acid hits you!!
You hit something. You claw something! Your headbutt misses something.
You hear a zap.
A bolt of acid appears from out of thin air!
The bolt of acid is repelled.
You barely miss something. Your kick misses something.
You are no longer corroded.
Something hits you but does no damage.
You slash something! You claw something. You headbutt something!
You hear a zap.
A bolt of acid appears from out of thin air!
The bolt of acid hits you. The acid corrodes you!
You miss something. You headbutt something!
You hear a zap.
A bolt of acid appears from out of thin air!
The bolt of acid hits you!!
* * * LOW HITPOINT WARNING * * *
You closely miss something. Your kick misses something. Something hits you.
* * * LOW HITPOINT WARNING * * *
Something steals your +6 ring of strength!
You hit something but do no damage.
You hear some strange, mumbled words.
You hear a zap.
A bolt of acid appears from out of thin air!
The bolt of acid hits you!!
You die...

.....####..........#
.....##.........∩..#
.....##.#..........#
.....##.#.........##
.....##.#.........#
.....'..#.........#
....(####.......{.#
.....# #.........#
.....# #.......@.#
###### ########§##
####.....##
#.........#
#.........#
..........#
#.........#
#.<.......#
#...>.....#


There were no monsters in sight!

Vanquished Creatures
  Grinder (D:4)
  6 yaks
  A wyvern (D:8)
  Menkaure (D:6)
  2 water moccasins (D:8)
  4 black bears
  2 orc warriors (D:8)
  2 sky beasts
  An ice beast (D:7)
  3 centaurs
  A phantom (D:5)
  7 bullfrogs
  A gnoll sergeant (Temple)
  A water moccasin zombie (D:5)
  A scorpion (D:6)
  A ballistomycete (D:8)
  8 jellies
  8 killer bees
  A water moccasin skeleton (D:4)
  5 wights (D:7)
  3 howler monkeys
  3 centaur zombies
  2 hounds
  3 orc priests
  A bullfrog skeleton (D:6)
  Jessica (D:2)
  2 iguanas
  A hell rat (Sewer)
  An orc wizard (D:3)
  A killer bee zombie (D:8)
  2 hound skeletons
  9 gnolls
  An adder (D:5)
  4 river rats
  A shadow imp (D:6)
  A white imp (D:6)
  An ufetubus (D:5)
  An adder skeleton (D:5)
  4 worms
  A dart slug (D:1)
  16 orcs
  21 endoplasms
  3 giant cockroaches
  4 goblins
  5 hobgoblins
  2 jackals (D:4)
  5 kobolds
  6 quokkas
  8 ball pythons
  4 bats
  12 rats
186 creatures vanquished.

Vanquished Creatures (others)
  3 ballistomycete spores (D:8)
  55 fungi (D:8)
  55 plants (D:8)
113 creatures vanquished.

Grand Total: 299 creatures vanquished

Notes
Turn   | Place    | Note
-------+----------+-------------------------------------------
     0 | D:1      | cbfl8 the Minotaur Fighter began the quest for the Orb.
     0 | D:1      | Reached XP level 1. HP: 19/19 MP: 0/0
   159 | D:1      | Found a faded altar of an unknown god.
   174 | D:1      | Reached XP level 2. HP: 25/27 MP: 1/1
   652 | D:2      | Reached XP level 3. HP: 19/33 MP: 2/2
   889 | D:2      | Reached skill level 3 in Axes
  1289 | D:2      | Noticed Jessica
  1293 | D:2      | Killed Jessica
  1294 | D:2      | Reached XP level 4. HP: 34/41 MP: 3/3
  2064 | D:3      | Noticed a centaur
  2075 | D:3      | Killed a centaur
  2076 | D:3      | Reached skill level 4 in Axes
  2076 | D:3      | Reached XP level 5. HP: 46/47 MP: 4/4
  2147 | D:3      | Reached skill level 5 in Armour
  2684 | D:3      | Reached skill level 1 in Dodging
  2693 | D:3      | Reached XP level 6. HP: 21/53 MP: 5/5
  3286 | D:4      | Found a glowing drain.
  3297 | Sewer    | Entered a sewer
  3437 | Sewer    | Reached skill level 5 in Fighting
  3786 | D:4      | Noticed Grinder
  3796 | D:4      | Killed Grinder
  3797 | D:4      | Reached skill level 5 in Axes
  3797 | D:4      | Reached skill level 5 in Shields
  3797 | D:4      | Reached XP level 7. HP: 25/61 MP: 6/6
  4249 | D:4      | Found a stormy altar of Qazlal.
  4665 | D:5      | Entered Level 5 of the Dungeon
  4708 | D:5      | Reached skill level 6 in Axes
  6283 | D:5      | Found a staircase to the Ecumenical Temple.
  6303 | Temple   | Entered the Ecumenical Temple
  6609 | Temple   | Became a worshipper of Ashenzari the Shackled
  6984 | D:5      | Reached XP level 8. HP: 68/70 MP: 7/7
  7241 | D:6      | Reached skill level 7 in Axes
  7491 | D:6      | Noticed Menkaure
  7496 | D:6      | Killed Menkaure
  7628 | D:5      | Reached skill level 8 in Axes
  7628 | D:5      | Reached skill level 1 in Stealth
  7996 | D:6      | Reached XP level 9. HP: 78/78 MP: 8/8
  8114 | D:6      | Reached skill level 9 in Axes
  8405 | D:6      | Found a shimmering altar of Xom.
  9331 | D:7      | Found Kyrafix's Jewellery Shop.
  9712 | D:7      | Reached skill level 10 in Axes
  9723 | D:7      | Found a shadowy altar of Dithmenos.
 10310 | D:7      | Found a radiant altar of Vehumet.
 10454 | D:8      | Found an opulent altar of Gozag.
 10469 | D:8      | Reached skill level 1 in Evocations
 10600 | D:8      | Noticed an oklob plant
 10650 | D:8      | Gained mutation: Your movements are slightly less
                  | encumbered by armour. (ER -2) [potion of mutation]
 10650 | D:8      | Gained mutation: You tend to lose your temper in combat.
                  | [potion of mutation]
 10650 | D:8      | Gained mutation: You have sharp toenails. [potion of
                  | mutation]
 11044 | D:8      | Reached XP level 10. HP: 75/88 MP: 9/9
 11996 | D:8      | Found a staircase to the Lair.
 12022 | D:8      | Reached skill level 11 in Axes
 12047 | D:8      | Found a sacrificial altar of Ru.
 12163 | D:8      | Found a sparkling altar of Nemelex Xobeh.
 12398 | D:8      | an oklob plant changed into a ballistomycete
 12655 | D:9      | Found Fkytinto's Fabulous Fripperies.
 12948 | D:9      | Noticed Maurice
 12973 | D:9      | Killed from afar by Maurice

Illustrated notes

Levels and vault maps discovered:
D:1:      co_arrival_hall_of_pillars, layout_basic,
          ebering_ecumenical_altar_rust
D:2:      layout_basic, chequers_avenue, minmay_splitting_lines, uniq_jessica
D:3:      layout_basic, solitary_fountain
D:4:      layout_gridville, grunt_qazlal_clouds, portal_sewer_entry_b,
          uniq_grinder, uniq_crazy_yiuf_cottage
D:5:      layout_basic, minmay_temple_entry_wispy, serial_park_tiny_pond
D:6:      layout_basic, mainiacjoe_overflow_surrounded_room, uniq_menkaure
D:7:      cheibrodos_iron_armory, layout_loops_corners,
          mainiacjoe_overflow_cross_hatched, nicolae_vehumet_radiance,
          serial_shops, shop_fountains
D:8:      lemuel_slime, layout_loops_cross, nicolae_gozag_seed_capital,
          nicolae_ru_awakened_eye, nemelex_diamond_rough_becter,
          due_lair_maze_entry_diamond
D:9:      layout_roguey, ldierk_geyser, nicolae_alphabet_shops, uniq_maurice
Temple:   kb_temple_of_zot

Skill      XL: |  1  2  3  4  5  6  7  8  9 10 |
---------------+-------------------------------+-----
Armour         | 4 5 6 8 9 |  9.5
Fighting       | 4 5 6 7 8 |  8.5
Shields        | 4 5 6 |  6.7
Axes           | 3 4 5 6 8 10 11 | 11.2
Dodging        | 1 2 3 4 |  4.0
Stealth        | 1 |  1.9
Evocations     | 2 |  2.5

Action                   |  1- 3 |  4- 6 |  7- 9 | 10-12 || total
-------------------------+-------+-------+-------+-------++-------
Melee: War axe           |    47 |   137 |   260 |     3 ||   447
       Headbutt          |     5 |    22 |    50 |    11 ||    88
       Kick              |       |       |    10 |    27 ||    37
       Broad axe         |       |       |       |    84 ||    84
Invok: Curse Item        |       |       |       |     1 ||     1
Evoke: Wand              |       |       |       |     1 ||     1
  Use: Potion            |       |     1 |     8 |     1 ||    10
       Scroll            |       |       |     3 |       ||     3
Armor: Scale mail        |    25 |    64 |   114 |    14 ||   217
       Plate armour      |       |       |       |    23 ||    23
Dodge: Dodged            |    23 |    61 |   168 |    44 ||   296
       Repelled          |       |       |       |     2 ||     2
Block: Buckler           |    10 |    35 |   102 |    24 ||   171
